 Dungeon Crawl Stone Soup version 0.21.1-1-g345015f (webtiles) character file.

121 shakethe the Chopper (level 5, -12/47 HPs)
             Began as a Hill Orc Fighter on Feb 26, 2018.
             Killed from afar by Ijyb (22 damage)
             ... with a wand of acid (5)
             ... on level 3 of the Dungeon.
             The game lasted 00:01:55 (2261 turns).

shakethe the Chopper (Hill Orc Fighter)             Turns: 2261, Time: 00:01:55

Health: -12/47     AC:  7    Str: 19    XL:     5   Next: 5%
Magic:  5/5        EV:  7    Int:  9    God:
Gold:   49         SH:  9    Dex: 10    Spells: 4/4 levels left

rFire    . . .     SeeInvis .   a - +0 war axe
rCold    . . .     Gourm    .   c - +0 shield
rNeg     . . .     Faith    .   b - +0 scale mail
rPois    .         Spirit   .   (no helmet)
rElec    .         Reflect  .   (no cloak)
rCorr    .         Harm     .   (no gloves)
MR       .....                  (no boots)
Stlth    ..........             (no amulet)
HPRegen  0.15/turn              (no ring)
MPRegen  0.09/turn              (no ring)

@: no status effects
A: no striking features
a: no special abilities


You were on level 3 of the Dungeon.
You were hungry.

You visited 1 branch of the dungeon, and saw 3 of its levels.

You collected 49 gold pieces.

Inventory:

Hand Weapons
 a - a +0 war axe (weapon)
Armour
 b - a +0 scale mail (worn)
 c - a +0 shield (worn)
 n - a +0 helmet
   (You took it off Robin on level 2 of the Dungeon)
Scrolls
 g - a scroll of immolation {unknown}
 h - 3 scrolls of teleportation {unknown}
 i - a scroll of fog {unknown}
 k - a scroll of enchant weapon {unknown}
 m - a scroll of fear {unknown}
 p - a scroll of amnesia {unknown}
Potions
 d - a potion of might
 e - a potion of heal wounds {unknown}
 j - 2 potions of cancellation
 l - a potion of curing {unknown}
Comestibles
 f - 4 rations


   Skills:
 + Level 4.3 Fighting
 * Level 4.7 Axes
 + Level 4.0 Armour
 + Level 4.0 Shields


You had 4 spell levels left.
You didn't know any spells.

Dungeon Overview and Level Annotations

Branches:
Dungeon (3/15)

Altars:
Wu Jian

Annotations:
D:3 Ijyb


Message History

You regained 16 hp, and now have 44/47 hp.
You start resting.
Health restored: 47 You butcher the adder corpse.
o - a chunk of flesh {@w0@w0} Eating a chunk of flesh {@w0@w0}.
You eat the chunk of flesh {@w0@w0}.
You see here a short sword.
Found a stone staircase leading up.
You see here a dagger.
You see here a stone.
Things that are here:
a club; a whip; a club You open the door.
There is an open door here.
You see here 12 stones.
There is an open door here.
You open the door.
There is an open door here.
A kobold comes into view.
The kobold shouts!
You barely miss the kobold. The kobold closely misses you.
You hit the kobold. You block the kobold's attack.
The kobold hits you but does no damage.
You slash the kobold!
You kill the kobold!
No target in view!
No target in view!
No target in view!
No target in view!
No target in view!
Done exploring.
No target in view!
No target in view!
No target in view!
Done exploring.
No target in view!
No target in view!
No target in view!
No target in view!
No target in view!
No target in view!
No target in view!
No target in view!
No target in view!
No target in view!
No target in view!
Done exploring.
No target in view!
No target in view!
No target in view!
No target in view!
No target in view!
Done exploring.
(D) Dungeon
Where to? (Enter - D:2, ? - help)
You see here a leather armour.
You open the door.
There is an open door here.
There is a stone staircase leading down here.
You climb downwards.
A kobold comes into view. It is wielding an enchanted whip.
The kobold shouts!
You hear a shout!
There is a stone staircase leading up here.
A kobold is nearby!
A goblin comes into view. It is wielding a club.
You barely miss the kobold.
You are feeling hungry.
The kobold barely misses you.
You slash the kobold!
You kill the kobold!
You see here an enchanted whip.
Ijyb the Twisted Goblin comes into view.
Ijyb shouts!
The goblin hits you with a club.
A kobold comes into view. It is wielding a club.
You take 1 damage, and have 46/47 hp.
You closely miss the goblin.
The kobold shouts!
The goblin hits you with a club.
You take 3 damage, and have 43/47 hp.
You slash the goblin!
You kill the goblin!
Your Shields skill increases to level 4!
Ijyb screams, "I cut your head off!"
Ijyb zaps a wand.
The bolt of acid hits you!
You are splashed with acid!
The acid burns!
* * * LOW HITPOINT WARNING * * *
It is a wand of acid (5).
You take 34 damage, and have 9/47 hp.
MASSIVE DAMAGE!!
Okay, then.
It was a potion of cancellation.
You feel magically purged.
A bat comes into view.
The bat hits you but does no damage.
Ijyb zaps a wand.
The bolt of acid hits the kobold.
The kobold is splashed with acid.
The acid corrodes the kobold!
The kobold dies!
The bolt of acid hits you!
You die...

#)......<#
#....?...#
#........#
#####........#
..........)##
#....g.)..#
.###...)....#
............#
).).#b@##### .
. ##.# ..#
...# ...##
...# ....
.....


You could see Ijyb and a bat.

Vanquished Creatures
  Robin (D:2)
  4 gnolls (D:2)
  2 adders (D:2)
  A dart slug (D:1)
  16 goblins
  7 hobgoblins
  5 bats
  4 frilled lizards
  8 kobolds
  5 rats (D:2)
53 creatures vanquished.

Vanquished Creatures (others)
  2 kobolds (D:3)
  A rat (D:3)
3 creatures vanquished.

Grand Total: 56 creatures vanquished

Notes
Turn   | Place    | Note
-------+----------+-------------------------------------------
     0 | D:1      | shakethe the Hill Orc Fighter began the quest for the Orb.
     0 | D:1      | Reached XP level 1. HP: 19/19 MP: 1/1
   110 | D:1      | Reached skill level 3 in Axes
   292 | D:1      | Reached XP level 2. HP: 19/27 MP: 2/2
  1125 | D:2      | Reached XP level 3. HP: 31/33 MP: 3/3
  1154 | D:2      | Reached skill level 4 in Fighting
  1156 | D:2      | Reached skill level 4 in Axes
  1156 | D:2      | Reached XP level 4. HP: 17/40 MP: 4/4
  1648 | D:2      | Noticed Robin
  1687 | D:2      | Killed Robin
  1687 | D:2      | Reached skill level 4 in Armour
  1799 | D:2      | Reached XP level 5. HP: 32/47 MP: 5/5
  1819 | D:2      | Found an ornate altar of the Wu Jian Council.
  2253 | D:3      | Noticed Ijyb
  2255 | D:3      | Reached skill level 4 in Shields
  2255 | D:3      | HP: 9/47 [acid (15)]
  2261 | D:3      | Killed from afar by Ijyb

Skill      XL: |  1  2  3  4  5 |
---------------+----------------+-----
Axes           | 3 4 |  4.7
Fighting       | 4 |  4.3
Armour         | 4 |  4.0
Shields        | 4 |  4.0

Action                   |  1- 3 |  4- 6 || total
-------------------------+-------+-------++-------
Melee: War axe           |    73 |    84 ||   157
  Use: Potion            |       |     1 ||     1
  Eat: Chunk             |     1 |     3 ||     4
Armor: Scale mail        |    28 |    25 ||    53
Dodge: Dodged            |    21 |    28 ||    49
Block: Shield            |    41 |    37 ||    78

Vault maps used:
D:1:      tarquinn_simple_flora_water_d
D:2:      minmay_diamond_boxcup, marbit_many_paths, first_ration, uniq_robin
D:3:      okawaru_ov_weapons_minmay, fiery_altar_vehumet, uniq_ijyb

Table legend:
 A = Turns spent in this place as a percentage of turns spent in the entire game.
 B = Non-inter-level travel turns spent in this place as a percentage of non-inter-level travel turns spent in the entire game.
 C = Inter-level travel turns spent in this place as a percentage of turns spent in this place.
 D = Turns resting spent in this place as a percentage of non-inter-level travel turns spent in this place.
 E = Turns spent auto-exploring this place as a percentage of non-inter-level travel turns spent in this place.
 F = Non-inter-level travel turns spent in this place divided by the number of levels of this place that you've seen.
                   A       B       C       D       E      F
               +-------+-------+-------+-------+-------+----------------------
         Total | 100.0 | 100.0 |   2.7 |  20.4 |  65.7 | 733.7
       Dungeon | 100.0 | 100.0 |   2.7 |  20.4 |  65.7 | 733.7
               +-------+-------+-------+-------+-------+----------------------

Table legend:
 A = Kills in this place as a percentage of kills in entire the game.
 B = Kills by you in this place as a percentage of kills by you in the entire game.
 C = Kills by friends in this place as a percentage of kills by friends in the entire game.
 D = Other kills in this place as a percentage of other kills in the entire game.
 E = Experience gained in this place as a percentage of experience gained in the entire game.
 F = Experience gained in this place divided by the number of levels of this place that you have seen.
                   A       B       C       D       E      F
               +-------+-------+-------+-------+-------+----------------------
         Total | 100.0 | 100.0 |   N/A |   N/A | 100.0 |  58.0
       Dungeon | 100.0 | 100.0 |   N/A |   N/A | 100.0 |  58.0
               +-------+-------+-------+-------+-------+----------------------
